 Seeded DCSS version 0.32-a0-913-g739538afd8 (webtiles) character file.

Game seed: 17073724502869601980 (custom seed)

1327 timneilson the Sneak (level 8, -8/46 HPs)
             Began as a Kobold Enchanter on Apr 8, 2024.
             Was an Initiate of Ashenzari.
             Shot with a bolt by an orc warrior (12 damage)
             ... on level 7 of the Dungeon.
             The game lasted 00:16:55 (6682 turns).

timneilson the Sneak (Kobold Enchanter)             Turns: 6682, Time: 00:16:55

Health: -8/46      AC:  5    Str:  6    XL:     8   Next: 91%
Magic:  4/13       EV: 18    Int: 11    God:    Ashenzari [......]
Gold:   1113       SH:  0    Dex: 24    Spells: 12/14 levels left

rFire   + . .        a - +1 dagger (heavy)
rCold   . . .        (no shield)
rNeg    . . .        b - +1 robe
rPois   .            j - +2 hat
rElec   .            (no cloak)
rCorr   .            (no gloves)
SInv    +            (no boots)
Will    +....        (no amulet)
Stlth   +++++        e - ring "Damnable Contraption" {rF+ Will+ Int-5 Dex+7}
HPRegen 0.27/turn    k - ring of see invisible
MPRegen 0.13/turn

%: no passive effects
@: about to teleport, very slightly contaminated
A: small, no large weapons, nightstalker 3
a: Renounce Religion


You were on level 7 of the Dungeon.
You worshipped Ashenzari.
Ashenzari was noncommittal.
You visited 2 branches of the dungeon, and saw 8 of its levels.

You collected 1113 gold pieces.

Inventory:

Hand Weapons
 a - a +1 heavy dagger (weapon)
Missiles
 n - 4 poisoned darts (quivered)
Armour
 b - a +1 robe (worn)
 j - a +2 hat (worn)
Jewellery
 e - the ring "Damnable Contraption" (left hand) {rF+ Will+ Int-5 Dex+7}
   (You acquired it on level 1 of the Dungeon)

   [ring of willpower]

   Int-5:     It affects your intelligence (-5).
   Dex+7:     It affects your dexterity (+7).
   rF+:       It protects you from fire.
   Will+:     It increases your willpower.
 k - a ring of see invisible (right hand)
 t - a ring of resist corrosion
Wands
 h - a wand of roots (21)
 y - a wand of flame (17)
 A - a wand of quicksilver (10)
Scrolls
 m - a scroll of fear
 p - a scroll of fog {unknown}
 u - 2 scrolls of amnesia
 w - a scroll of summoning {unknown}
Potions
 c - a potion of invisibility
 d - 2 potions of lignification
 f - a potion of mutation {unknown}
 g - a potion of haste {unknown}
 i - 2 potions of might
 l - 2 potions of ambrosia {unknown}
 o - a potion of degeneration {unknown}
 q - 2 potions of curing
 r - a potion of berserk rage {unknown}
 s - a potion of magic {unknown}
 v - 2 potions of attraction
 z - a potion of enlightenment {unknown}
 B - a potion of heal wounds {unknown}


   Skills:
 + Level 3.3 Fighting
 * Level 5.9 Short Blades
 + Level 2.2 Armour
 * Level 5.8 Dodging
 + Level 5.9 Stealth
 + Level 3.8 Spellcasting
 + Level 4.0 Hexes
 + Level 2.4 Ice Magic
 + Level 3.1 Evocations


You had 12 spell levels left.
You knew the following spells:

 Your Spells              Type           Power      Damage    Failure   Level
a - Ensorcelled Hibernat  Hex/Ice        18%        N/A       10%         2

Your spell library contained the following spells:

 Spells                   Type           Power      Damage    Failure   Level
 Confusing Touch          Hex            11%        N/A       14%         3
 Tukima's Dance           Hex            11%        N/A       14%         3
 Dazzling Flash           Conj/Hex       12%        N/A       32%         3
 Summon Ice Beast         Ice/Summ       4%         N/A       41%         3
 Summon Mana Viper        Hex/Summ       6%         N/A       96%         5
 Monstrous Menagerie      Summ           1%         N/A       100%        7


Dungeon Overview and Level Annotations

Branches:
Dungeon (7/15)             Temple (1/1) D:5

Altars:
Ashenzari
Cheibriados
Dithmenos
Elyvilon
Fedhas
Gozag
Hepliaklqana
Kikubaaqudgha
Makhleb
Nemelex Xobeh
Okawaru
Ru
Sif Muna
Uskayaw
Vehumet
Xom
Yredelemnul
Zin
The Shining One


Innate Abilities, Weirdness & Mutations

You are small and have problems with some larger weapons.
You are completely attuned to the shadows.


Message History

The orc warrior wields a +0 arbalest.
The orc warrior shoots a bolt.
The bolt hits you!
You hear a shout!
Casting: Ensorcelled Hibernation (safe; 10% risk of failure)
Confirm with . or Enter, or press ? or * to list all spells.
Aiming: Ensorcelled Hibernation (safe; 10% risk of failure)
Press: ? - help, Shift-Dir - straight line, f/p - orc warrior
Aim: an orc warrior, wielding a +0 arbalest and wearing a +0 plate armour (chance to affect: 43%)
The orc warrior resists with some effort.
The orc warrior shoots a bolt.
The bolt hits you!
You hear a shout!
Casting: Ensorcelled Hibernation (safe; 10% risk of failure)
Confirm with . or Enter, or press ? or * to list all spells.
Aiming: Ensorcelled Hibernation (safe; 10% risk of failure)
Press: ? - help, Shift-Dir - straight line, f/p - orc warrior
Aim: an orc warrior, wielding a +0 arbalest and wearing a +0 plate armour (chance to affect: 43%)
The orc warrior resists with some effort.
The orc warrior shoots a bolt.
The bolt barely misses you.
Casting: Ensorcelled Hibernation (safe; 10% risk of failure)
Confirm with . or Enter, or press ? or * to list all spells.
Aiming: Ensorcelled Hibernation (safe; 10% risk of failure)
Press: ? - help, Shift-Dir - straight line, f/p - orc warrior
Aim: an orc warrior, wielding a +0 arbalest and wearing a +0 plate armour (chance to affect: 43%)
You miscast Ensorcelled Hibernation.
You are very lightly contaminated with residual magic.
Nothing appears to happen.
The orc warrior shoots a bolt.
The bolt closely misses you.
The orc warrior shoots a bolt.
The bolt hits you!
* * * LOW HITPOINT WARNING * * *
Casting: Ensorcelled Hibernation (safe; 10% risk of failure)
Confirm with . or Enter, or press ? or * to list all spells.
Aiming: Ensorcelled Hibernation (safe; 10% risk of failure)
Press: ? - help, Shift-Dir - straight line, f/p - orc warrior
Aim: an orc warrior, wielding a +0 arbalest and wearing a +0 plate armour (chance to affect: 43%)
The orc warrior resists with some effort.
The orc warrior shoots a bolt.
The bolt hits you.
* * * LOW HITPOINT WARNING * * *
As you read the scroll of teleportation, it crumbles to dust.
You feel strangely unstable.
The orc warrior shoots a bolt.
The bolt hits you!
You die...

....†...# ###.....#
#.....# ###.###
######## #.#
#......# #.# #.
#.####.# #.# #.#
#)####.###.# ...#
#@##.......#
....#####.##.#.#####
....o..##.##.#.#
....##..o......#
...# ########### ###


You could see an orc warrior.

Vanquished Creatures
  A water moccasin (D:5)
  A black bear (D:6)
  2 centaurs
  2 phantoms (D:5)
  2 scorpions (D:5)
  A bullfrog (D:7)
  A howler monkey (D:7)
  4 hounds
  3 orc priests
  2 sleepcaps
  2 iguanas
  4 gnolls
  11 adders
  2 ufetubi (D:6)
  3 dart slugs
  18 orcs
  8 endoplasms
  5 giant cockroaches
  8 hobgoblins
  11 jackals
  4 quokkas
  3 ball pythons
  11 bats
  7 frilled lizards
  6 goblins
  9 kobolds
  5 rats
136 creatures vanquished.

Notes
Turn   | Place    | Note
-------+----------+-------------------------------------------
     0 | D:1      | timneilson the Kobold Enchanter began the quest for the
                  | Orb.
     0 | D:1      | Reached XP level 1. HP: 10/10 MP: 3/3
   248 | D:1      | Identified a scroll of acquirement
   248 | D:1      | Acquired the ring "Damnable Contraption" {rF+ Will+ Int-5
                  | Dex+7}
   280 | D:1      | Reached XP level 2. HP: 15/15 MP: 5/5
  1006 | D:2      | Reached XP level 3. HP: 20/20 MP: 6/6
  1105 | D:2      | HP: 1/20 [poisoned by an adder]
  1264 | D:2      | Reached skill level 1 in Fighting
  1304 | D:2      | Reached XP level 4. HP: 21/25 MP: 7/7
  1453 | D:2      | Learned a level 2 spell: Ensorcelled Hibernation
  2039 | D:4      | Acquired 824 gold pieces
  2064 | D:5      | Entered Level 5 of the Dungeon
  2076 | D:5      | Found a staircase to the Ecumenical Temple.
  2082 | Temple   | Entered the Ecumenical Temple
  2300 | D:3      | Reached XP level 5. HP: 4/29 MP: 8/8
  2376 | D:3      | You fall into a shaft and drop 3 floors!
  2526 | D:6      | Reached skill level 1 in Evocations
  2697 | D:5      | Reached skill level 1 in Armour
  2726 | D:5      | Noticed a water moccasin
  2734 | D:5      | Killed a water moccasin
  2735 | D:5      | Reached XP level 6. HP: 35/35 MP: 8/10
  2761 | D:5      | Reached skill level 1 in Ice Magic
  2844 | D:4      | Reached XP level 7. HP: 34/40 MP: 11/11
  2935 | D:3      | Found a faded altar of an unknown god.
  3321 | D:3      | Found a radiant altar of Vehumet.
  4130 | D:3      | Reached skill level 5 in Stealth
  4847 | D:5      | Reached skill level 5 in Dodging
  4847 | D:5      | Reached XP level 8. HP: 45/45 MP: 11/13
  4971 | D:5      | Reached skill level 5 in Short Blades
  6504 | D:7      | Found an iron altar of Okawaru.
  6539 | D:7      | Found a shimmering blue altar of Sif Muna.
  6582 | D:7      | Found a broken altar of Ashenzari.
  6587 | D:7      | Became a worshipper of Ashenzari the Shackled
  6682 | D:7      | Shot with a bolt by an orc warrior

Illustrated notes

Levels and vault maps discovered:
D:1:      lightli_arrival_windingriver, layout_loops_ring
D:2:      layout_basic, dk_noncrumbling_3
D:3:      layout_loops_corners, mainiacjoe_overflow_boulevard,
          shapermc_ecumenical_altar_gd, minmay_misc_feat_alley, st_stairs_8
D:4:      layout_gridville, lemuel_flame_loot_1
D:5:      layout_basic, minmay_temple_entry_stoned_glass
D:6:      layout_basic, grunt_decor_mini_mirrors
D:7:      layout_loops_cross, mainiacjoe_overflow_six_doors_small,
          lemuel_round_altar, lemuel_blue_sif_altar
Temple:   nicolae_temple_superstar

Skill      XL: |  1  2  3  4  5  6  7  8 |
---------------+-------------------------+-----
Short Blades   | 2 3 4 5 |  5.9
Dodging        | 3 4 5 |  5.8
Fighting       | 1 2 3 |  3.3
Evocations     | 1 2 3 |  3.1
Armour         | 1 2 |  2.2
Ice Magic      | 1 2 |  2.4
Spellcasting   | 3 |  3.8
Stealth        | 5 |  5.9
Hexes          | 4 |  4.0

Action                     |  1- 3 |  4- 6 |  7- 9 || total
---------------------------+-------+-------+-------++-------
  Melee: Dagger            |    69 |   173 |   214 ||   456
   Cast: Ensorcelled Hiber |       |       |     8 ||     8
    Use: Scroll            |     3 |     2 |     9 ||    14
         Potion            |     1 |     2 |       ||     3
   Stab: Sleeping          |    17 |    13 |    31 ||    61
         Invisible         |       |     2 |       ||     2
 Armour: Robe              |    22 |    56 |    85 ||   163
  Dodge: Dodged            |    38 |   128 |   199 ||   365

Table legend: (Time is in decaauts)
 A = Elapsed time spent in this place.
 B = Non-inter-level travel time spent in this place.
 C = Inter-level travel time spent in this place.
 D = Time resting spent in this place.
 E = Time spent auto-exploring this place.
 F = Levels seen in this place.
 G = Mean time per level.
                   A        B        C        D        E       F      G
               +--------+--------+--------+--------+--------+-----+--------+
         Total |   6673 |   6332 |    341 |    358 |   4119 |   8 |  834.1 |
       Dungeon |   6653 |   6321 |    332 |    358 |   4119 |   7 |  950.4 |
        Temple |     19 |     10 |      9 |      0 |      0 |   1 |   19.0 |
               +--------+--------+--------+--------+--------+-----+--------+

Top non-repeatable levels by time:
     D:6: 1321 daAuts
     D:3: 1172 daAuts
     D:4: 1051 daAuts
     D:2: 1044 daAuts
     D:1: 903 daAuts
     D:5: 881 daAuts
     D:7: 278 daAuts
  Temple: 19 daAuts
